 Dungeon Crawl Stone Soup version 0.28-a0-1493-g08698888e4 (webtiles) character file.

Game seed: 11091520840893064587

7 HallandMoats the Skirmisher (level 2, -2/26 HPs)
             Began as a Ghoul Fighter on Jan 12, 2022.
             Slain by a gnoll (12 damage)
             ... on level 1 of the Dungeon.
             The game lasted 00:00:19 (256 turns).

HallandMoats the Skirmisher (Ghoul Fighter)          Turns: 256, Time: 00:00:19

Health: -2/26      AC:  6    Str: 19    XL:     2   Next: 4%
Magic:  1/1        EV:  9    Int:  3    God:
Gold:   18         SH:  4    Dex:  8    Spells: 1/1 levels left

rFire   . . .      SeeInvis .   a - +0 war axe
rCold   + . .      Faith    .   c - +0 buckler
rNeg    + + +      Spirit   .   b - +0 scale mail
rPois   ∞          Reflect  .   (no helmet)
rElec   .          Harm     .   (no cloak)
rCorr   .          Rampage  .   (no gloves)
Will    .....                   (no boots)
Stlth   ..........              (no amulet)
HPRegen 0.00/turn               (no ring)
MPRegen 0.07/turn               (no ring)

@: inhibited regen
A: claws 1, cold resistance 1, negative energy resistance 3, inhibited
regeneration, torment resistance 2
a: no special abilities


You were on level 1 of the Dungeon.
You visited 1 branch of the dungeon, and saw 1 of its levels.

You collected 18 gold pieces.

Inventory:

Hand Weapons
 a - a +0 war axe (weapon)
Armour
 b - a +0 scale mail (worn)
 c - a +0 buckler (worn)
Potions
 d - a potion of might


   Skills:
 * Level 3.4 Fighting
 * Level 2.0 Axes
 + Level 2.7 Armour
 + Level 0.2 Dodging
 + Level 2.7 Shields


You had one spell level left.
You didn't know any spells.
Your spell library was empty.

Dungeon Overview and Level Annotations

Branches:
Dungeon (1/15)

Altars:


Innate Abilities, Weirdness & Mutations

You thrive by killing the living.
You are immune to poison.
You have sharp fingernails.
Your flesh is cold resistant. (rC+)
You are immune to negative energy. (rN+++)
You do not regenerate when monsters are visible.
You are immune to unholy pain and torment.


Message History

A giant cockroach comes into view.
The giant cockroach barely misses you. x2
A giant cockroach is nearby!
You hit the giant cockroach.
The giant cockroach is moderately wounded.
The giant cockroach bites you but does no damage.
A giant cockroach is nearby!
You slash the giant cockroach!
You kill the giant cockroach!
You have reached level 2!
You now have 18 gold pieces (gained 12).
Found a stone staircase leading down.
No target in view!
Found 11 stones.
No target in view!
You see here 11 stones.
A gnoll comes into view. It is wielding a +0 flail.
The gnoll shouts!
A rat comes into view.
There are monsters nearby!
There are monsters nearby!
The gnoll hits you but does no damage.
There are monsters nearby!
You closely miss the gnoll. The gnoll hits you with a +0 flail.
The gnoll hits you but does no damage.
There are monsters nearby!
You hit the gnoll but do no damage. The gnoll hits you with a +0 flail.
There are monsters nearby!
You barely miss the gnoll. You closely miss the rat.
The rat closely misses you. The gnoll hits you with a +0 flail.
The rat bites you. The gnoll hits you with a +0 flail.
You hit the gnoll but do no damage. You hit the rat but do no damage.
The rat bites you but does no damage. The gnoll hits you with a +0 flail!
You are too injured to fight recklessly!
You are too injured to fight recklessly!
There are monsters nearby!
Unknown command.
You barely miss the gnoll. You hit the rat but do no damage.
The rat completely misses you. The gnoll hits you with a +0 flail!
You die...

........ ......#. ....#.# #
.#..#.# # #. ......#
#.##.####### .#....#
...........# .#....#
...........# .##...#
......g....# ###...#
#......@r.####.#
#...####..............#
#................##########
###...###...................#
......# ..........########.#
####..###..........# #.#
........#..........# #.#
######.##..........# #.#
#..#..#.......########.#


You could see a gnoll and a rat.

Vanquished Creatures
  A dart slug (D:1)
  An endoplasm (D:1)
  A giant cockroach (D:1)
  A hobgoblin (D:1)
  A bat (D:1)
  4 toadstools (D:1)
9 creatures vanquished.

Notes
Turn   | Place    | Note
-------+----------+-------------------------------------------
     0 | D:1      | HallandMoats the Ghoul Fighter began the quest for the Orb.
     0 | D:1      | Reached XP level 1. HP: 19/19 MP: 0/0
   179 | D:1      | Reached XP level 2. HP: 26/26 MP: 1/1
   256 | D:1      | Slain by a gnoll

Illustrated notes

Levels and vault maps discovered:
D:1:      ldierk_water_garden, layout_basic

Skill      XL: |  1 |
---------------+----+-----
Axes           | 2 |  2.0
Fighting       | |  3.4
Armour         | |  2.7
Dodging        | |  0.2
Shields        | |  2.7

Action                   || total
-------------------------++-------
Melee: War axe           ||    29
Armor: Scale mail        ||    20
Dodge: Dodged            ||    12
Block: Buckler           ||     6

Table legend: (Time is in decaauts)
 A = Elapsed time spent in this place.
 B = Non-inter-level travel time spent in this place.
 C = Inter-level travel time spent in this place.
 D = Time resting spent in this place.
 E = Time spent auto-exploring this place.
 F = Levels seen in this place.
 G = Mean time per level.
                   A        B        C        D        E       F      G
               +--------+--------+--------+--------+--------+-----+--------+
         Total |    268 |    268 |      0 |      0 |    205 |   1 |  268.0 |
       Dungeon |    268 |    268 |      0 |      0 |    205 |   1 |  268.0 |
               +--------+--------+--------+--------+--------+-----+--------+

Top non-repeatable levels by time:
     D:1: 268 daAuts
